 Dungeon Crawl Stone Soup version 0.23.2-1-ga50397a (webtiles) character file.

Game seed: 17305251449628741363

4916 Borgoz the Carver (level 10, 0/86 HPs)
             Began as a Minotaur Gladiator on May 26, 2019.
             Was a High Priest of Okawaru.
             Killed from afar by an electric eel (7 damage)
             ... with a bolt of electricity
             ... on level 8 of the Dungeon.
             The game lasted 00:09:35 (6881 turns).

Borgoz the Carver (Minotaur Gladiator)              Turns: 6881, Time: 00:09:35

Health: 0/86       AC: 11    Str: 21    XL:     10   Next: 27%
Magic:  12/12      EV: 11    Int:  5    God:    Okawaru [*****.]
Gold:   480        SH:  0    Dex: 13    Spells: 9/9 levels left

rFire    . . .     SeeInvis .   a - +0 long sword
rCold    + . .     Gourm    .   (no shield)
rNeg     . . .     Faith    .   p - +0 chain mail
rPois    +         Spirit   .   c - +0 hat
rElec    .         Reflect  .   (no cloak)
rCorr    .         Harm     .   B - +0 pair of gloves
MR       .....                  (no boots)
Stlth    ..........             k - amulet of rage
HPRegen  0.24/turn              b - ring of poison resistance
MPRegen  0.13/turn              t - ring of protection from cold (curse)

@: marked
A: retaliatory headbutt, horns 2
a: Heroism, Finesse, Renounce Religion, Evoke Berserk Rage


You were on level 8 of the Dungeon.
You worshipped Okawaru.
Okawaru was extremely pleased with you.
You were hungry.

You visited 2 branches of the dungeon, and saw 9 of its levels.

You collected 480 gold pieces.

Inventory:

Hand Weapons
 a - a +0 long sword (weapon)
 A - a +1 short sword of holy wrath
Missiles
 d - a throwing net (quivered)
Armour
 c - a +0 hat (worn)
 p - a +0 chain mail (worn)
 B - a +0 pair of gloves (worn)
Jewellery
 b - a ring of poison resistance (left hand)
 k - an amulet of rage (around neck)
 t - a cursed ring of protection from cold (right hand)
 C - an uncursed ring of ice
 E - an uncursed amulet of regeneration
 F - a +3 amulet of reflection {unknown}
 H - a cursed amulet of inaccuracy {unknown}
Wands
 v - a wand of iceblast (3)
 y - a wand of digging (4)
 I - a wand of polymorph (9)
Scrolls
 h - a scroll of enchant weapon {unknown}
 i - 2 scrolls of amnesia {unknown}
 j - 2 scrolls of blinking {unknown}
 l - 2 scrolls of magic mapping {unknown}
 o - a scroll of noise {unknown}
 q - 7 scrolls of identify
 r - a scroll of fear {unknown}
 s - 3 scrolls of teleportation {unknown}
 u - a scroll of remove curse {unknown}
 w - a scroll of immolation {unknown}
Potions
 e - a potion of might
 g - a potion of mutation
 m - 4 potions of agility
 n - 4 potions of flight
 x - 2 potions of curing {unknown}
 z - a potion of magic {unknown}
 D - a potion of heal wounds {unknown}
Comestibles
 f - 15 rations


   Skills:
 + Level 7.6 Fighting
 * Level 10.8 Long Blades
 - Level 2.0 Throwing
 + Level 7.2 Armour
 + Level 7.4 Dodging
 + Level 3.2 Invocations
 + Level 5.2 Evocations


You had 9 spell levels left.
You didn't know any spells.
Your spell library contained the following spells:

 Spells                   Type           Power        Failure   Level  Hunger
 Magic Dart               Conj           #...         99%         1    ##.....
 Searing Ray              Conj           #.....       99%         2    ###....
 Dazzling Spray           Conj/Hex       #.....       100%        3    ####...
 Force Lance              Conj/Tloc      #.......     100%        4    #####..
 Fulminant Prism          Conj/Hex       #.........   100%        4    #####..
 Iskenderun's Mystic Bla  Conj           #.......     100%        4    #####..


Dungeon Overview and Level Annotations

Branches:
Dungeon (8/15)             Temple (1/1) D:4
   Lair: D:8-11

Altars:
Ashenzari
Cheibriados
Dithmenos
Gozag
Hepliaklqana
Kikubaaqudgha
Makhleb
Nemelex Xobeh
Okawaru
Qazlal
Ru
Sif Muna
Trog
Uskayaw
Wu Jian
Xom
Zin
The Shining One
Beogh


Innate Abilities, Weirdness & Mutations

You reflexively headbutt those who attack you in melee.
You have a pair of horns on your head.


Message History

The bolt of electricity hits you!
* * * LOW HITPOINT WARNING * * *
The bolt of electricity hits you!
* * * LOW HITPOINT WARNING * * *
The bolt of electricity hits the electric eel.
The electric eel completely resists.
Okay, then.
Okay, then.
Throwing (i - inventory)
d - 2 throwing nets (quivered)
Press: ? - help, Shift-Dir - straight line, f - electric eel
Aim: an electric eel (lightly wounded)
You throw a throwing net. The throwing net hits the electric eel.
The electric eel is caught in the net!
The electric eel is lightly wounded.
You hear a splash.
The electric eel struggles against the net.
You are feeling hungry.
The electric eel shoots out a bolt of lightning at you!
The bolt of electricity hits you!
You die...

#####.# #.# #.#
#.# #.# #.#
#####.# #.# #>#
#.....# #.# #)#
#.###### #.#
#)# .........
..###!########
..#######
#.......... ..#
##.≈....≈...
..#
#...@;≈≈....
..#
#..≈≈≈≈≈≈..#
..#
#...≈≈≈≈≈..#
..#
.....≈≈≈≈≈..#
...
.......≈≈≈≈...#
####
###........%...
. ##...........
#.....#####.


You could see an electric eel (caught).

Vanquished Creatures
  A two-headed ogre (D:8)
  Pikel (D:7)
  The ghost of whitewolfNL the Basher, a novice MiBe of Trog (D:5)
  2 polar bears (D:8)
  4 hogs (D:7)
  A human (D:7)
  3 sky beasts
  An ice beast (D:8)
  2 slaves (D:7)
  2 ogres
  A phantom (D:6)
  A big kobold (D:8)
  4 bullfrogs
  A gnoll sergeant (D:6)
  4 scorpions
  4 killer bees (D:7)
  An electric eel (D:6)
  A howler monkey (D:5)
  4 crimson imps
  A quasit (D:6)
  4 hounds
  3 orc priests
  7 orc wizards
  An iguana (D:6)
  5 worker ants
  A howler monkey zombie (D:5)
  3 gnolls (D:6)
  11 adders
  A shadow imp (D:6)
  An ooze (D:2)
  2 adder skeletons
  2 worms
  4 leopard geckos
  13 orcs
  2 ball pythons
  10 bats
  3 giant cockroaches
  18 goblins
  5 hobgoblins
  10 jackals
  2 quokkas
  5 frilled lizards
  A jackal skeleton (D:4)
  7 kobolds
  A quokka skeleton (D:4)
  2 rats (D:1)
164 creatures vanquished.

Vanquished Creatures (others)
  A white imp (D:8)
1 creature vanquished.

Grand Total: 165 creatures vanquished

Notes
Turn   | Place    | Note
-------+----------+-------------------------------------------
     0 | D:1      | Borgoz the Minotaur Gladiator began the quest for the Orb.
     0 | D:1      | Reached XP level 1. HP: 18/18 MP: 0/0
   109 | D:1      | Reached XP level 2. HP: 17/25 MP: 1/1
   112 | D:1      | Reached skill level 4 in Long Blades
   326 | D:1      | Reached skill level 1 in Armour
   918 | D:2      | Reached XP level 3. HP: 30/30 MP: 2/2
  1196 | D:2      | Found a hazy altar of Hepliaklqana.
  1198 | D:2      | Found a shimmering altar of Xom.
  1198 | D:2      | Noticed a yak
  1199 | D:2      | Noticed a spectral ugly thing
  1199 | D:2      | Noticed a yak
  1413 | D:2      | Reached XP level 4. HP: 33/38 MP: 3/3
  1595 | D:3      | Found a shadowy altar of Dithmenos.
  1601 | D:3      | Reached skill level 1 in Evocations
  1662 | D:3      | Reached skill level 5 in Long Blades
  1662 | D:3      | Reached XP level 5. HP: 29/45 MP: 4/4
  1698 | D:3      | Found a burning altar of Makhleb.
  1801 | D:3      | Found a faded altar of an unknown god.
  1971 | D:4      | Found a staircase to the Ecumenical Temple.
  2015 | Temple   | Entered the Ecumenical Temple
  2393 | D:4      | Found a shattered altar of Ashenzari.
  2653 | D:4      | Found a roughly hewn altar of Beogh.
  2667 | D:4      | Reached XP level 6. HP: 11/52 MP: 6/6
  2939 | D:5      | Entered Level 5 of the Dungeon
  3053 | D:5      | Noticed a sky beast
  3062 | D:5      | Killed a sky beast
  3062 | D:5      | Reached skill level 6 in Long Blades
  3314 | D:5      | Found a runed translucent door.
  3531 | D:5      | Found a glowing golden altar of the Shining One.
  3541 | D:5      | Found an iron altar of Okawaru.
  3579 | D:5      | Reached XP level 7. HP: 59/59 MP: 7/7
  3618 | D:5      | Became a worshipper of Warmaster Okawaru
  3790 | D:5      | Found a snail-covered altar of Cheibriados.
  3924 | D:5      | Found a runed translucent door.
  3926 | D:5      | Noticed whitewolfNL's ghost (novice MiBe)
  4058 | D:5      | Killed whitewolfNL's ghost
  4058 | D:5      | Reached * piety under Okawaru
  4058 | D:5      | Reached skill level 5 in Fighting
  4058 | D:5      | Reached skill level 7 in Long Blades
  4058 | D:5      | Reached skill level 5 in Dodging
  4221 | D:6      | Reached XP level 8. HP: 49/68 MP: 9/9
  4493 | D:6      | Found a sparkling altar of Nemelex Xobeh.
  4537 | D:6      | Reached skill level 8 in Long Blades
  4603 | D:6      | Reached skill level 5 in Armour
  4612 | D:6      | Reached ** piety under Okawaru
  5371 | D:7      | Reached skill level 9 in Long Blades
  5371 | D:7      | Reached XP level 9. HP: 66/75 MP: 9/11
  5391 | D:7      | Noticed Pikel
  5452 | D:7      | Killed Pikel
  5452 | D:7      | Reached *** piety under Okawaru
  5452 | D:7      | Reached skill level 1 in Invocations
  5880 | D:7      | Reached skill level 10 in Long Blades
  6467 | D:8      | Noticed a two-headed ogre
  6487 | D:8      | Killed a two-headed ogre
  6487 | D:8      | Reached **** piety under Okawaru
  6487 | D:8      | Reached skill level 5 in Evocations
  6487 | D:8      | Reached XP level 10. HP: 38/86 MP: 12/12
  6856 | D:8      | Reached ***** piety under Okawaru
  6881 | D:8      | Killed from afar by an electric eel

Skill      XL: |  1  2  3  4  5  6  7  8  9 10 |
---------------+-------------------------------+-----
Long Blades    | 4 5 6 7 9 10 | 10.8
Armour         | 1 2 3 4 5 6 7 |  7.2
Fighting       | 3 4 5 6 7 |  7.6
Evocations     | 1 2 4 5 |  5.2
Dodging        | 4 5 6 7 |  7.4
Invocations    | 2 3 |  3.2
Throwing       | |  2.0

Action                   |  1- 3 |  4- 6 |  7- 9 | 10-12 || total
-------------------------+-------+-------+-------+-------++-------
Melee: Long sword        |    80 |   132 |   219 |    52 ||   483
       Headbutt          |    16 |    22 |    56 |    16 ||   110
Throw: Throwing net      |       |     1 |     3 |     1 ||     5
Invok: Heroism           |       |       |     3 |       ||     3
 Abil: Evoke Berserk Rag |       |     1 |     4 |       ||     5
  Use: Scroll            |     3 |     2 |       |       ||     5
 Stab: Held in net/web   |       |     2 |       |       ||     2
  Eat: Chunk             |     2 |     7 |    12 |     3 ||    24
Armor: Leather armour    |    10 |       |       |       ||    10
       Chain mail        |    35 |    60 |   132 |    35 ||   262
Dodge: Dodged            |    44 |    62 |   127 |    31 ||   264
       Rpst.: Long sword |    17 |    22 |    38 |    10 ||    87
